San Jose Sharks vs Tampa Bay Lightning

Created - samedi 19 janvier 2019 at 19:00

Goals
1 2 3 OT1 T
San Jose Sharks 1 2 0 0 3
Tampa Bay Lightning 0 3 0 1 4
Shots
1 2 3 OT1 T
San Jose Sharks 10 6 9 2 27
Tampa Bay Lightning 10 8 4 3 25

1st period

1. San Jose Sharks , Anthony Cirelli 5 (Brent Burns 20, Mikkel Boedker 12) at 8:18

Penalties :
No Penalty

2nd period

2. Tampa Bay Lightning , Tyler Johnson 8 (Vladislav Namestnikov 10) at 3:49
3. Tampa Bay Lightning , Patrice Bergeron 20 (Michael Del Zotto 10) at 4:46
4. Tampa Bay Lightning , Tyler Johnson 9 (Michael Del Zotto 11, Nick Bonino 5) at 5:14
5. San Jose Sharks , Logan Couture 20 (Brent Burns 21, Tommy Wingels 6) at 16:42
6. San Jose Sharks , Clayton Keller 19 (Christian Dvorak 12, Brent Burns 22) at 17:25

Penalties :
No Penalty

3rd period

No Goal

Penalties :
Victor Hedman (TBL) for Boarding (Minor) at 0:56, Radko Gudas (TBL) for Tripping (Minor) at 13:52

Overtime #1

7. Tampa Bay Lightning , Patrice Bergeron 21 (Vladimir Tarasenko 18) at 1:38

Penalties :
No Penalty

Goalie Stats

Cam Talbot (SJS), 21 saves from 25 shots - (0.840), OTL, 19-18-13, 61:38 minutes
Andrei Vasilevskiy (TBL), 24 saves from 27 shots - (0.889), W, 21-19-8, 61:38 minutes

Players Stats for San Jose Sharks

Player Name              G  A  P  +/- PIM S  H  SB GA TA FO     MP     PP MP  PK MP  
------------------------------------------------------------------------------------
Andre Burakovsky         0  0  0   0  0   1  2  0  0  0  0/0    11:40   0:09   0:00 
Anthony Cirelli          1  0  1   1  0   2  6  0  0  0  1/5    13:10   0:00   0:00 
Brent Burns              0  3  3   1  0   2  1  0  1  1  0/0    25:51   1:41   0:00 
Chris Tierney            0  0  0   0  0   2  1  0  1  0  0/0    17:04   0:16   0:00 
Christian Dvorak         0  1  1  -1  0   1  1  0  1  0  6/11   17:55   1:49   0:00 
Clayton Keller           1  0  1  -2  0   7  1  0  2  1  0/0    19:23   1:59   0:00 
Drew Stafford            0  0  0   1  0   0  1  0  0  0  0/1    14:43   0:06   0:00 
Ian Cole                 0  0  0  -2  0   0  1  0  0  1  0/0    19:01   1:41   0:00 
Joakim Ryan              0  0  0   0  0   1  2  2  0  0  0/0    17:07   2:17   0:00 
Karl Alzner              0  0  0   2  0   1  3  3  0  0  0/0    22:19   0:00   0:00 
Kevin Labanc             0  0  0   0  0   0  2  0  0  0  0/2    17:48   1:53   0:00 
Logan Couture            1  0  1   0  0   5  4  0  1  0  9/21   18:36   1:59   0:00 
Mike Reilly              0  0  0   0  0   0  1  1  0  1  0/0    18:04   2:17   0:00 
Mikkel Boedker           0  1  1   1  0   2  2  0  0  1  0/0    14:29   0:00   0:00 
Roman Polak              0  0  0  -2  0   1  2  0  0  0  0/0    17:26   0:00   0:00 
Timo Meier               0  0  0  -2  0   1  2  0  0  0  3/5    18:58   1:50   0:00 
Tommy Wingels            0  1  1   0  0   0  1  0  0  0  2/6     9:58   0:00   0:00 
Tyler Ennis              0  0  0   0  0   1  1  0  2  0  0/0    11:22   1:53   0:00 

Players Stats for Tampa Bay Lightning

Player Name              G  A  P  +/- PIM S  H  SB GA TA FO     MP     PP MP  PK MP  
------------------------------------------------------------------------------------
Alex Killorn             0  0  0  -1  0   0  2  0  0  0  0/0    17:40   0:00   1:47 
Anton Stralman           0  0  0  -1  0   0  0  1  0  0  0/0     9:34   0:00   1:51 
Jonathan Drouin          0  0  0   1  0   1  3  0  1  0  0/0    17:54   0:00   0:30 
Joonas Donskoi           0  0  0  -2  0   1  2  0  0  0  0/0    10:16   0:00   0:13 
Marc-Edouard Vlasic      0  0  0   1  0   0  2  0  1  0  0/0    25:00   0:00   2:07 
Mathew Barzal            0  0  0  -1  0   2  1  0  1  0  9/12   16:06   0:00   0:00 
Michael Del Zotto        0  2  2   0  0   2  5  1  0  1  0/0    26:05   0:00   1:53 
Nick Bonino              0  1  1   2  0   0  0  0  0  0  5/8    15:17   0:00   1:44 
Ondrej Palat             0  0  0  -2  0   1  1  0  0  0  0/0     9:13   0:00   0:00 
Patrice Bergeron         2  0  2   2  0   4  1  0  0  0  11/21  18:17   0:00   0:00 
Radko Gudas              0  0  0  -1  2   0  6  0  0  3  0/0    15:00   0:00   0:47 
Slater Koekkoek          0  0  0   1  0   1  2  0  0  2  0/0    22:27   0:00   0:09 
Tyler Johnson            2  0  2   2  0   4  3  0  0  0  0/1    15:54   0:00   1:52 
Victor Hedman            0  0  0   1  2   4  3  0  0  2  0/0    23:35   0:00   1:09 
Vladimir Tarasenko       0  1  1   0  0   3  2  0  0  0  0/0    16:51   0:00   0:00 
Vladislav Namestnikov    0  1  1   2  0   1  2  0  1  0  1/1    13:06   0:00   0:00 
Yanni Gourde             0  0  0   1  0   0  2  0  1  0  2/3    17:27   0:00   0:00 
Zack Smith               0  0  0  -2  0   1  2  0  0  0  2/5    11:12   0:00   1:50 

3 Stars

1 - Tyler Johnson (TBL)
2 - Patrice Bergeron (TBL)
3 - Anthony Cirelli (SJS)

Power Play

San Jose Sharks - 0 on 2 Attempt(s) - 0.00%
Tampa Bay Lightning - 0 on 0 Attempt(s) - 0.00%

Penalty Kill

San Jose Sharks - 0 on 0 Attempt(s) - 0.00% - Score 0 goal in Penalty Kill
Tampa Bay Lightning - 2 on 2 Attempt(s) - 100.00% - Score 0 goal in Penalty Kill

Team Stat

San Jose Sharks - Hits : 34 - Faceoff Wins : 21 - Blocked Shots : 6 - Penalty Minutes : 0
Tampa Bay Lightning - Hits : 39 - Faceoff Wins : 30 - Blocked Shots : 2 - Penalty Minutes : 4

Official

Referees : Brad Meier and Chris Rooney
Linesman : Scott Driscoll and Michel Cormier

Game Notes

No Game Note

Finance

Level 1 -- Attendance: 8515 (80.33%) -- Ticket Income fr. 715'260
Level 2 -- Attendance: 2149 (97.68%) -- Ticket Income fr. 135'387
Level 3 -- Attendance: 2648 (71.57%) -- Ticket Income fr. 97'976
Level 4 -- Attendance: 1071 (73.86%) -- Ticket Income fr. 22'491
Luxury Box -- Attendance: 38 (76.00%) -- Ticket Income fr. 7'790
Game was played at the Amalie Arena.
Total Attendance: 14421 (80.12%)
Total Ticket Income: fr. 978'904
Total Income: fr. 978'904

San Jose Sharks

5 vs 5 Forward 
   Center                   Left Wing                Right Wing               Time % Phy DF OF 
 1 Logan Couture            Chris Tierney            Kevin Labanc             30     1   1  3  
 2 Christian Dvorak         Clayton Keller           Timo Meier               30     1   1  3  
 3 Anthony Cirelli          Drew Stafford            Mikkel Boedker           25     1   2  2  
 4 Tommy Wingels            Andre Burakovsky         Tyler Ennis              15     2   3  0  

5 vs 5 Defense 
   Defense                  Defense                                           Time % Phy DF OF 
 1 Brent Burns              Karl Alzner                                       30     1   2  2  
 2 Ian Cole                 Roman Polak                                       30     1   2  2  
 3 Mike Reilly              Joakim Ryan                                       25     1   2  2  
 4 Brent Burns              Karl Alzner                                       15     1   2  2  

PowerPlay Forward 
   Center                   Left Wing                Right Wing               Time % Phy DF OF 
 1 Christian Dvorak         Clayton Keller           Logan Couture            50     0   1  4  
 2 Tyler Ennis              Kevin Labanc             Timo Meier               50     0   1  4  

PowerPlay Defense
   Defense                  Defense                                           Time % Phy DF OF 
 1 Brent Burns              Ian Cole                                          50     0   2  3  
 2 Joakim Ryan              Mike Reilly                                       50     0   2  3  

Penalty Kill 4 Players Forward 
   Center                   Wing                     Time % Phy DF OF 
 1 Clayton Keller           Andre Burakovsky         50     1   4  0  
 2 Tyler Ennis              Drew Stafford            50     1   4  0  

Penalty Kill 4 Players Defense
   Defense                  Defense                  Time % Phy DF OF 
 1 Brent Burns              Karl Alzner              50     2   3  0  
 2 Ian Cole                 Mike Reilly              50     2   3  0  

Penalty Kill - 3 Players Forward 
   Forward                                           Time % Phy DF OF 
 1 Christian Dvorak                                  50     1   4  0  
 2 Tommy Wingels                                     50     1   4  0  

Penalty Kill - 3 Players Defense
   Defense                  Defense                  Time % Phy DF OF 
 1 Ian Cole                 Brent Burns              50     1   4  0  
 2 Joakim Ryan              Mike Reilly              50     1   4  0  

4 vs 4 Forward 
   Center                   Wing                     Time % Phy DF OF 
 1 Anthony Cirelli          Mikkel Boedker           50     1   2  2  
 2 Christian Dvorak         Andre Burakovsky         50     1   2  2  

4 vs 4 Defense
   Defense                  Defense                  Time % Phy DF OF 
 1 Brent Burns              Mike Reilly              50     1   2  2  
 2 Ian Cole                 Karl Alzner              50     1   2  2  

Last Minutes Offensive
   Center                   Left Wing                Right Wing               Defense                  Defense                  
   Logan Couture            Chris Tierney            Clayton Keller           Brent Burns              Ian Cole                 

Last Minutes Defensive
   Center                   Left Wing                Right Wing               Defense                  Defense                  
   Anthony Cirelli          Kevin Labanc             Drew Stafford            Karl Alzner              Ian Cole                 

Goaltenders
Starting : Cam Talbot               
Backup : Reto Berra               

Extra Forwards
Normal : Tyler Ennis, Clayton Keller, Timo Meier - PP : Tyler Ennis, Clayton Keller - PK : Tommy Wingels
Extra Defensemen
Normal : Mike Reilly, Joakim Ryan, Ian Cole - PP : Brent Burns - PK : Brent Burns, Mike Reilly
Penalty Shots
Clayton Keller, Logan Couture, Timo Meier, Kevin Labanc, Mikkel Boedker
Custom OT Lines Forwards
Timo Meier, Clayton Keller, Mikkel Boedker, Tommy Wingels, Andre Burakovsky, Logan Couture, Kevin Labanc, Christian Dvorak, Anthony Cirelli, Tyler Ennis
Custom OT Lines Defensemen
Brent Burns, Mike Reilly, Ian Cole, Karl Alzner, Joakim Ryan

Scratches
Jimmy Hayes (Healthy), Marcus Sorensen (Healthy), Travis Dermott (Healthy)

Tampa Bay Lightning

5 vs 5 Forward 
   Center                   Left Wing                Right Wing               Time % Phy DF OF 
 1 Patrice Bergeron         Yanni Gourde             Jonathan Drouin          33     0   2  3  
 2 Mathew Barzal            Alex Killorn             Vladimir Tarasenko       28     0   2  3  
 3 Nick Bonino              Tyler Johnson            Vladislav Namestnikov    24     1   2  2  
 4 Zack Smith               Ondrej Palat             Joonas Donskoi           15     2   2  1  

5 vs 5 Defense 
   Defense                  Defense                                           Time % Phy DF OF 
 1 Slater Koekkoek          Marc-Edouard Vlasic                               42     1   3  1  
 2 Michael Del Zotto        Victor Hedman                                     33     0   3  2  
 3 Radko Gudas              Michael Del Zotto                                 25     1   3  1  
 4 Victor Hedman            Marc-Edouard Vlasic                               0      1   2  2  

PowerPlay Forward 
   Center                   Left Wing                Right Wing               Time % Phy DF OF 
 1 Patrice Bergeron         Tyler Johnson            Nick Bonino              55     1   0  4  
 2 Mathew Barzal            Alex Killorn             Vladimir Tarasenko       45     1   0  4  

PowerPlay Defense
   Defense                  Defense                                           Time % Phy DF OF 
 1 Michael Del Zotto        Victor Hedman                                     55     0   1  4  
 2 Radko Gudas              Marc-Edouard Vlasic                               45     0   1  4  

Penalty Kill 4 Players Forward 
   Center                   Wing                     Time % Phy DF OF 
 1 Tyler Johnson            Alex Killorn             50     0   4  1  
 2 Nick Bonino              Zack Smith               50     1   3  1  

Penalty Kill 4 Players Defense
   Defense                  Defense                  Time % Phy DF OF 
 1 Michael Del Zotto        Marc-Edouard Vlasic      50     1   4  0  
 2 Radko Gudas              Victor Hedman            50     1   4  0  

Penalty Kill - 3 Players Forward 
   Forward                                           Time % Phy DF OF 
 1 Patrice Bergeron                                  50     0   4  1  
 2 Nick Bonino                                       50     0   4  1  

Penalty Kill - 3 Players Defense
   Defense                  Defense                  Time % Phy DF OF 
 1 Michael Del Zotto        Marc-Edouard Vlasic      50     0   5  0  
 2 Radko Gudas              Victor Hedman            50     1   4  0  

4 vs 4 Forward 
   Center                   Wing                     Time % Phy DF OF 
 1 Patrice Bergeron         Vladimir Tarasenko       50     0   1  4  
 2 Mathew Barzal            Alex Killorn             50     0   2  3  

4 vs 4 Defense
   Defense                  Defense                  Time % Phy DF OF 
 1 Michael Del Zotto        Victor Hedman            50     0   2  3  
 2 Radko Gudas              Marc-Edouard Vlasic      50     0   2  3  

Last Minutes Offensive
   Center                   Left Wing                Right Wing               Defense                  Defense                  
   Mathew Barzal            Alex Killorn             Vladimir Tarasenko       Michael Del Zotto        Victor Hedman            

Last Minutes Defensive
   Center                   Left Wing                Right Wing               Defense                  Defense                  
   Patrice Bergeron         Yanni Gourde             Ondrej Palat             Slater Koekkoek          Marc-Edouard Vlasic      

Goaltenders
Starting : Andrei Vasilevskiy       
Backup : Anton Khudobin           

Extra Forwards
Normal : Patrice Bergeron, Vladimir Tarasenko, Mathew Barzal - PP : Patrice Bergeron, Vladimir Tarasenko - PK : Tyler Johnson
Extra Defensemen
Normal : Marc-Edouard Vlasic, Victor Hedman, Michael Del Zotto - PP : Marc-Edouard Vlasic - PK : Radko Gudas, Victor Hedman
Penalty Shots
Patrice Bergeron, Vladimir Tarasenko, Mathew Barzal, Joonas Donskoi, Alex Killorn
Custom OT Lines Forwards
Patrice Bergeron, Vladimir Tarasenko, Mathew Barzal, Tyler Johnson, Vladislav Namestnikov, Yanni Gourde, Alex Killorn, Ondrej Palat, Nick Bonino, Joonas Donskoi
Custom OT Lines Defensemen
Victor Hedman, Marc-Edouard Vlasic, Slater Koekkoek, Michael Del Zotto, Radko Gudas

Scratches
Cedric Paquette (Healthy), Jake Dotchin (Bruised Right Shoulder Injury)

% Time on Ice - San Jose Sharks

Lines # - Real PCT - Wanted PCT - Time Play
Normal Forward
1 - 29% - 30% - 16:18
2 - 32% - 30% - 18:05
3 - 23% - 25% - 12:56
4 - 16% - 15% - 8:43
Normal Defense
1 - 29% - 30% - 16:31
2 - 32% - 30% - 18:04
3 - 25% - 25% - 14:05
4 - 13% - 15% - 7:22
PP Forward
1 - 53% - 50% - 2:05
2 - 47% - 50% - 1:53
PP Defense
1 - 42% - 50% - 1:41
2 - 58% - 50% - 2:17
PK Forward
1 - 0% - 50%
2 - 0% - 50%
PK Defense
1 - 0% - 50%
2 - 0% - 50%
PK3 Forward
1 - 0% - 50%
2 - 0% - 50%
PK3 Defense
1 - 0% - 50%
2 - 0% - 50%
44 Forward
1 - 0% - 50%
2 - 0% - 50%
44 Defense
1 - 0% - 50%
2 - 0% - 50%
Last Minute Offensive  - 0:00
Last Minute Defensive  - 0:00
Total
Forward - 60:00
Defense - 60:00

% Time on Ice - Tampa Bay Lightning

Lines # - Real PCT - Wanted PCT - Time Play
Normal Forward
1 - 31% - 33% - 17:39
2 - 30% - 28% - 16:40
3 - 23% - 24% - 12:48
4 - 16% - 15% - 8:55
Normal Defense
1 - 40% - 42% - 22:27
2 - 30% - 33% - 16:53
3 - 24% - 25% - 13:23
4 - 6% - 0% - 3:19
PP Forward
1 - 0% - 55%
2 - 0% - 45%
PP Defense
1 - 0% - 55%
2 - 0% - 45%
PK Forward
1 - 51% - 50% - 2:02
2 - 49% - 50% - 1:56
PK Defense
1 - 35% - 50% - 1:23
2 - 65% - 50% - 2:35
PK3 Forward
1 - 0% - 50%
2 - 0% - 50%
PK3 Defense
1 - 0% - 50%
2 - 0% - 50%
44 Forward
1 - 0% - 50%
2 - 0% - 50%
44 Defense
1 - 0% - 50%
2 - 0% - 50%
Last Minute Offensive  - 0:00
Last Minute Defensive  - 0:00
Total
Forward - 60:00
Defense - 60:00

Play-by-Play

1st period


0:01 of 1st period - Patrice Bergeron wins face-off versus Logan Couture in neutral zone.
0:24 of 1st period - Brent Burns is hit by Alex Killorn.
0:52 of 1st period - Vladislav Namestnikov is hit by Anthony Cirelli and loses puck.
1:07 of 1st period - Snap shot by Joonas Donskoi.
1:07 of 1st period - Stopped by Cam Talbot with a rebound.
1:09 of 1st period - Slapshot by Victor Hedman.
1:09 of 1st period - Deflect By Tyler Ennis.
1:09 of 1st period - Stopped by Cam Talbot without a rebound.
1:10 of 1st period - Zack Smith wins face-off versus Tommy Wingels in San Jose Sharks zone.
1:35 of 1st period - Karl Alzner is hit by Yanni Gourde and loses puck.
1:44 of 1st period - Snap shot by Jonathan Drouin.
1:44 of 1st period - Shot Misses the Net.
3:42 of 1st period - Vladislav Namestnikov is hit by Joakim Ryan and loses puck.
4:09 of 1st period - Snap shot by Joonas Donskoi.
4:09 of 1st period - Shot Blocked by Joakim Ryan.
4:41 of 1st period - Clayton Keller is hit by Slater Koekkoek and loses puck.
5:10 of 1st period - Snap shot by Tyler Johnson.
5:10 of 1st period - Stopped by Cam Talbot with a rebound.
5:22 of 1st period - Slater Koekkoek is hit by Anthony Cirelli and loses puck.
5:33 of 1st period - Wrist shot by Tyler Johnson.
5:33 of 1st period - Stopped by Cam Talbot with a rebound.
5:35 of 1st period - Backhand shot by Slater Koekkoek.
5:35 of 1st period - Shot Blocked by Karl Alzner.
5:37 of 1st period - Slapshot by Michael Del Zotto.
5:37 of 1st period - Stopped by Cam Talbot without a rebound.
5:38 of 1st period - Logan Couture wins face-off versus Patrice Bergeron in San Jose Sharks zone.
6:08 of 1st period - Tyler Ennis is hit by Victor Hedman and loses puck.
6:15 of 1st period - Snap shot by Mathew Barzal.
6:15 of 1st period - Stopped by Cam Talbot without a rebound.
6:16 of 1st period - Zack Smith wins face-off versus Christian Dvorak in San Jose Sharks zone.
6:29 of 1st period - Slapshot by Ondrej Palat.
6:29 of 1st period - Stopped by Cam Talbot without a rebound.
6:30 of 1st period - Patrice Bergeron wins face-off versus Logan Couture in San Jose Sharks zone.
6:31 of 1st period - Slapshot by Victor Hedman.
6:31 of 1st period - Stopped by Cam Talbot with a rebound.
7:02 of 1st period - Karl Alzner is hit by Alex Killorn.
7:21 of 1st period - Tommy Wingels is hit by Radko Gudas and loses puck.
7:26 of 1st period - Snap shot by Tyler Johnson.
7:26 of 1st period - Shot Misses the Net.
7:39 of 1st period - Off-side.
7:40 of 1st period - Anthony Cirelli wins face-off versus Zack Smith in neutral zone.
7:43 of 1st period - Joonas Donskoi is hit by Karl Alzner and loses puck.
7:50 of 1st period - Marc-Edouard Vlasic is hit by Mikkel Boedker and loses puck.
7:57 of 1st period - Karl Alzner is hit by Ondrej Palat and loses puck.
8:02 of 1st period - Snap shot by Victor Hedman.
8:02 of 1st period - Stopped by Cam Talbot with a rebound.
8:18 of 1st period - Slapshot by Anthony Cirelli.
8:18 of 1st period - Goal by Anthony Cirelli - San Jose Sharks : 1 - Tampa Bay Lightning : 0.
8:19 of 1st period - Logan Couture wins face-off versus Patrice Bergeron in neutral zone.
8:22 of 1st period - Snap shot by Chris Tierney.
8:22 of 1st period - Shot Misses the Net.
8:24 of 1st period - Slapshot by Joakim Ryan.
8:24 of 1st period - Stopped by Andrei Vasilevskiy without a rebound.
8:25 of 1st period - Logan Couture wins face-off versus Patrice Bergeron in Tampa Bay Lightning zone.
8:28 of 1st period - Snap shot by Kevin Labanc.
8:28 of 1st period - Shot Misses the Net.
8:30 of 1st period - Snap shot by Chris Tierney.
8:30 of 1st period - Shot Misses the Net.
8:32 of 1st period - Wrist shot by Chris Tierney.
8:32 of 1st period - Stopped by Andrei Vasilevskiy without a rebound.
8:33 of 1st period - Mathew Barzal wins face-off versus Christian Dvorak in Tampa Bay Lightning zone.
9:04 of 1st period - Slapshot by Mikkel Boedker.
9:04 of 1st period - Stopped by Andrei Vasilevskiy without a rebound.
9:05 of 1st period - Patrice Bergeron wins face-off versus Drew Stafford in Tampa Bay Lightning zone.
9:30 of 1st period - Slapshot by Logan Couture.
9:30 of 1st period - Stopped by Andrei Vasilevskiy without a rebound.
9:31 of 1st period - Logan Couture wins face-off versus Nick Bonino in Tampa Bay Lightning zone.
9:32 of 1st period - Slapshot by Brent Burns.
9:32 of 1st period - Stopped by Andrei Vasilevskiy without a rebound.
9:33 of 1st period - Vladislav Namestnikov wins face-off versus Logan Couture in Tampa Bay Lightning zone.
9:46 of 1st period - Slapshot by Tyler Johnson.
9:46 of 1st period - Shot Misses the Net.
9:48 of 1st period - Slapshot by Michael Del Zotto.
9:48 of 1st period - Deflect By Brent Burns.
9:48 of 1st period - Stopped by Cam Talbot without a rebound.
9:49 of 1st period - Christian Dvorak wins face-off versus Patrice Bergeron in San Jose Sharks zone.
9:49 of 1st period - Timo Meier is hit by Michael Del Zotto and loses puck.
10:14 of 1st period - Michael Del Zotto is hit by Kevin Labanc and loses puck.
11:04 of 1st period - Anthony Cirelli is hit by Zack Smith and loses puck.
11:23 of 1st period - Wrist shot by Christian Dvorak.
11:23 of 1st period - Shot Misses the Net.
11:25 of 1st period - Slapshot by Roman Polak.
11:25 of 1st period - Stopped by Andrei Vasilevskiy with a rebound.
11:35 of 1st period - Kevin Labanc is hit by Radko Gudas and loses puck.
12:02 of 1st period - Wrist shot by Tyler Ennis.
12:02 of 1st period - Stopped by Andrei Vasilevskiy with a rebound.
12:30 of 1st period - Victor Hedman is hit by Anthony Cirelli and loses puck.
12:59 of 1st period - Yanni Gourde is hit by Joakim Ryan and loses puck.
13:25 of 1st period - Michael Del Zotto is hit by Anthony Cirelli and loses puck.
14:26 of 1st period - Patrice Bergeron is hit by Timo Meier and loses puck.
14:41 of 1st period - Karl Alzner is hit by Slater Koekkoek and loses puck.
14:52 of 1st period - Nick Bonino is hit by Karl Alzner and loses puck.
15:16 of 1st period - Mathew Barzal is hit by Roman Polak and loses puck.
15:55 of 1st period - Drew Stafford is hit by Jonathan Drouin and loses puck.
16:08 of 1st period - Chris Tierney is hit by Radko Gudas and loses puck.
16:19 of 1st period - Brent Burns is hit by Tyler Johnson and loses puck.
16:32 of 1st period - Slapshot by Christian Dvorak.
16:32 of 1st period - Shot Misses the Net.
16:34 of 1st period - Snap shot by Andre Burakovsky.
16:34 of 1st period - Stopped by Andrei Vasilevskiy without a rebound.
16:35 of 1st period - Christian Dvorak wins face-off versus Patrice Bergeron in Tampa Bay Lightning zone.
16:42 of 1st period - Christian Dvorak is hit by Yanni Gourde and loses puck.
17:08 of 1st period - Wrist shot by Anthony Cirelli.
17:08 of 1st period - Deflect By Mikkel Boedker.
17:08 of 1st period - Shot Misses the Net.
17:08 of 1st period - Puck is out of play.
17:09 of 1st period - Mathew Barzal wins face-off versus Anthony Cirelli in Tampa Bay Lightning zone.
17:44 of 1st period - Snap shot by Logan Couture.
17:44 of 1st period - Stopped by Andrei Vasilevskiy without a rebound.
17:45 of 1st period - Mathew Barzal wins face-off versus Christian Dvorak in Tampa Bay Lightning zone.
18:30 of 1st period - Off-side.
18:31 of 1st period - Nick Bonino wins face-off versus Tommy Wingels in neutral zone.
18:40 of 1st period - Slapshot by Tyler Johnson.
18:40 of 1st period - Shot Blocked by Karl Alzner.
18:56 of 1st period - Marc-Edouard Vlasic is hit by Logan Couture.
19:04 of 1st period - Kevin Labanc is hit by Tyler Johnson and loses puck.
19:23 of 1st period - Jonathan Drouin is hit by Mike Reilly.
19:42 of 1st period - Joakim Ryan is hit by Radko Gudas.
19:58 of 1st period - Ian Cole is hit by Michael Del Zotto and loses puck.
Goals for this period are 1 for San Jose Sharks vs 0 for Tampa Bay Lightning.
Shots for this period are 10 for San Jose Sharks vs 10 for Tampa Bay Lightning.

2nd period


0:01 of 2nd period - Patrice Bergeron wins face-off versus Christian Dvorak in neutral zone.
0:16 of 2nd period - Snap shot by Victor Hedman.
0:16 of 2nd period - Deflect By Patrice Bergeron.
0:16 of 2nd period - Stopped by Cam Talbot without a rebound.
0:17 of 2nd period - Mathew Barzal wins face-off versus Logan Couture in San Jose Sharks zone.
0:28 of 2nd period - Snap shot by Vladimir Tarasenko.
0:28 of 2nd period - Stopped by Cam Talbot with a rebound.
0:30 of 2nd period - Slapshot by Slater Koekkoek.
0:30 of 2nd period - Stopped by Cam Talbot without a rebound.
0:31 of 2nd period - Patrice Bergeron wins face-off versus Christian Dvorak in San Jose Sharks zone.
0:32 of 2nd period - Wrist shot by Jonathan Drouin.
0:32 of 2nd period - Stopped by Cam Talbot with a rebound.
0:48 of 2nd period - Brent Burns is hit by Victor Hedman and loses puck.
1:25 of 2nd period - Wrist shot by Christian Dvorak.
1:25 of 2nd period - Shot Misses the Net.
1:27 of 2nd period - Wrist shot by Clayton Keller.
1:27 of 2nd period - Stopped by Andrei Vasilevskiy with a rebound.
1:29 of 2nd period - Snap shot by Karl Alzner.
1:29 of 2nd period - Shot Misses the Net.
1:31 of 2nd period - Slapshot by Christian Dvorak.
1:31 of 2nd period - Shot Misses the Net.
1:33 of 2nd period - Slapshot by Brent Burns.
1:33 of 2nd period - Deflect By Victor Hedman.
1:33 of 2nd period - Stopped by Andrei Vasilevskiy without a rebound.
1:34 of 2nd period - Mathew Barzal wins face-off versus Kevin Labanc in Tampa Bay Lightning zone.
1:48 of 2nd period - Wrist shot by Chris Tierney.
1:48 of 2nd period - Shot Misses the Net.
2:00 of 2nd period - Wrist shot by Tommy Wingels.
2:00 of 2nd period - Deflect By Marc-Edouard Vlasic.
2:00 of 2nd period - Shot Misses the Net.
2:00 of 2nd period - Puck is out of play.
2:01 of 2nd period - Nick Bonino wins face-off versus Tommy Wingels in Tampa Bay Lightning zone.
2:10 of 2nd period - Wrist shot by Tyler Johnson.
2:10 of 2nd period - Deflect By Vladislav Namestnikov.
2:10 of 2nd period - Stopped by Cam Talbot without a rebound.
2:11 of 2nd period - Logan Couture wins face-off versus Nick Bonino in San Jose Sharks zone.
2:22 of 2nd period - Radko Gudas is hit by Logan Couture and loses puck.
3:49 of 2nd period - Snap shot by Vladislav Namestnikov.
3:49 of 2nd period - Deflect By Tyler Johnson.
3:49 of 2nd period - Goal by Tyler Johnson - San Jose Sharks : 1 - Tampa Bay Lightning : 1.
3:50 of 2nd period - Mathew Barzal wins face-off versus Logan Couture in neutral zone.
3:57 of 2nd period - Kevin Labanc is hit by Vladimir Tarasenko and loses puck.
4:04 of 2nd period - Alex Killorn is hit by Kevin Labanc and loses puck.
4:17 of 2nd period - Mikkel Boedker is hit by Vladislav Namestnikov and loses puck.
4:41 of 2nd period - Roman Polak is hit by Radko Gudas and loses puck.
4:46 of 2nd period - Snap shot by Patrice Bergeron.
4:46 of 2nd period - Goal by Patrice Bergeron - San Jose Sharks : 1 - Tampa Bay Lightning : 2.
4:47 of 2nd period - Mathew Barzal wins face-off versus Logan Couture in neutral zone.
5:02 of 2nd period - Wrist shot by Logan Couture.
5:02 of 2nd period - Stopped by Andrei Vasilevskiy without a rebound.
5:03 of 2nd period - Timo Meier wins face-off versus Nick Bonino in Tampa Bay Lightning zone.
5:06 of 2nd period - Snap shot by Christian Dvorak.
5:06 of 2nd period - Stopped by Andrei Vasilevskiy with a rebound.
5:14 of 2nd period - Slapshot by Tyler Johnson.
5:14 of 2nd period - Goal by Tyler Johnson - San Jose Sharks : 1 - Tampa Bay Lightning : 3.
5:15 of 2nd period - Logan Couture wins face-off versus Yanni Gourde in neutral zone.
5:18 of 2nd period - Backhand shot by Brent Burns.
5:18 of 2nd period - Shot Blocked by Michael Del Zotto.
5:40 of 2nd period - Victor Hedman is hit by Anthony Cirelli and loses puck.
6:08 of 2nd period - Icing by Slater Koekkoek.
6:09 of 2nd period - Nick Bonino wins face-off versus Logan Couture in Tampa Bay Lightning zone.
6:13 of 2nd period - Off-side.
6:14 of 2nd period - Logan Couture wins face-off versus Patrice Bergeron in neutral zone.
8:03 of 2nd period - Icing by Joakim Ryan.
8:04 of 2nd period - Mathew Barzal wins face-off versus Anthony Cirelli in San Jose Sharks zone.
8:29 of 2nd period - Slater Koekkoek is hit by Clayton Keller and loses puck.
9:18 of 2nd period - Snap shot by Joonas Donskoi.
9:18 of 2nd period - Shot Misses the Net.
9:32 of 2nd period - Anthony Cirelli is hit by Michael Del Zotto and loses puck.
10:37 of 2nd period - Victor Hedman is hit by Andre Burakovsky and loses puck.
10:44 of 2nd period - Slapshot by Tyler Ennis.
10:44 of 2nd period - Shot Misses the Net.
10:46 of 2nd period - Slapshot by Chris Tierney.
10:46 of 2nd period - Shot Misses the Net.
10:56 of 2nd period - Michael Del Zotto is hit by Anthony Cirelli and loses puck.
12:11 of 2nd period - Karl Alzner is hit by Patrice Bergeron and loses puck.
12:28 of 2nd period - Slapshot by Vladimir Tarasenko.
12:28 of 2nd period - Deflect By Mikkel Boedker.
12:28 of 2nd period - Shot Blocked by Joakim Ryan.
12:28 of 2nd period - Puck is out of play.
12:29 of 2nd period - Christian Dvorak wins face-off versus Mathew Barzal in San Jose Sharks zone.
12:38 of 2nd period - Radko Gudas is hit by Timo Meier and loses puck.
12:55 of 2nd period - Anthony Cirelli is hit by Marc-Edouard Vlasic and loses puck.
13:23 of 2nd period - Slapshot by Tyler Ennis.
13:23 of 2nd period - Shot Blocked by Anton Stralman.
13:40 of 2nd period - Slapshot by Kevin Labanc.
13:40 of 2nd period - Shot Misses the Net.
13:59 of 2nd period - Clayton Keller is hit by Joonas Donskoi and loses puck.
14:16 of 2nd period - Mike Reilly is hit by Jonathan Drouin and loses puck.
15:03 of 2nd period - Christian Dvorak is hit by Jonathan Drouin and loses puck.
15:20 of 2nd period - Timo Meier is hit by Michael Del Zotto and loses puck.
15:37 of 2nd period - Snap shot by Clayton Keller.
15:37 of 2nd period - Shot Misses the Net.
16:38 of 2nd period - Icing by Joonas Donskoi.
16:39 of 2nd period - Tommy Wingels wins face-off versus Zack Smith in Tampa Bay Lightning zone.
16:42 of 2nd period - Slapshot by Logan Couture.
16:42 of 2nd period - Goal by Logan Couture - San Jose Sharks : 2 - Tampa Bay Lightning : 3.
16:43 of 2nd period - Patrice Bergeron wins face-off versus Logan Couture in neutral zone.
16:49 of 2nd period - Icing by Brent Burns.
16:50 of 2nd period - Patrice Bergeron wins face-off versus Logan Couture in San Jose Sharks zone.
17:19 of 2nd period - Slapshot by Christian Dvorak.
17:19 of 2nd period - Shot Misses the Net.
17:23 of 2nd period - Wrist shot by Clayton Keller.
17:23 of 2nd period - Shot Misses the Net.
17:25 of 2nd period - Slapshot by Clayton Keller.
17:25 of 2nd period - Goal by Clayton Keller - San Jose Sharks : 3 - Tampa Bay Lightning : 3.
17:26 of 2nd period - Logan Couture wins face-off versus Patrice Bergeron in neutral zone.
18:15 of 2nd period - Tyler Johnson is hit by Drew Stafford and loses puck.
18:57 of 2nd period - Michael Del Zotto is hit by Tommy Wingels and loses puck.
19:08 of 2nd period - Radko Gudas is hit by Roman Polak and loses puck.
19:41 of 2nd period - Christian Dvorak is hit by Tyler Johnson and loses puck.
19:53 of 2nd period - Nick Bonino is hit by Christian Dvorak and loses puck.
Goals for this period are 2 for San Jose Sharks vs 3 for Tampa Bay Lightning.
Shots for this period are 6 for San Jose Sharks vs 8 for Tampa Bay Lightning.

3rd period


0:01 of 3rd period - Yanni Gourde wins face-off versus Logan Couture in neutral zone.
0:08 of 3rd period - Wrist shot by Patrice Bergeron.
0:08 of 3rd period - Shot Misses the Net.
0:24 of 3rd period - Brent Burns is hit by Vladimir Tarasenko and loses puck.
0:28 of 3rd period - Icing by Clayton Keller.
0:29 of 3rd period - Christian Dvorak wins face-off versus Mathew Barzal in San Jose Sharks zone.
0:29 of 3rd period - Christian Dvorak is hit by Mathew Barzal.
0:39 of 3rd period - Snap shot by Clayton Keller.
0:39 of 3rd period - Stopped by Andrei Vasilevskiy with a rebound.
0:41 of 3rd period - Wrist shot by Timo Meier.
0:41 of 3rd period - Stopped by Andrei Vasilevskiy with a rebound.
0:56 of 3rd period - Minor Penalty to Victor Hedman for Boarding.
0:57 of 3rd period - Nick Bonino wins face-off versus Kevin Labanc in Tampa Bay Lightning zone.
1:07 of 3rd period - Slapshot by Brent Burns.
1:07 of 3rd period - Shot Misses the Net.
1:09 of 3rd period - Snap shot by Kevin Labanc.
1:09 of 3rd period - Shot Misses the Net.
1:23 of 3rd period - Nick Bonino is hit by Logan Couture and loses puck.
2:00 of 3rd period - Nick Bonino is hit by Tyler Ennis and loses puck.
2:56 of 3rd period - Penalty to Victor Hedman is over, Victor Hedman is back on ice.
3:53 of 3rd period - Kevin Labanc is hit by Zack Smith.
4:10 of 3rd period - Radko Gudas is hit by Ian Cole and loses puck.
4:34 of 3rd period - Tommy Wingels is hit by Joonas Donskoi and loses puck.
4:59 of 3rd period - Icing by Marc-Edouard Vlasic.
5:00 of 3rd period - Nick Bonino wins face-off versus Tommy Wingels in Tampa Bay Lightning zone.
5:18 of 3rd period - Icing by Tommy Wingels.
5:19 of 3rd period - Tommy Wingels wins face-off versus Zack Smith in San Jose Sharks zone.
5:52 of 3rd period - Wrist shot by Clayton Keller.
5:52 of 3rd period - Stopped by Andrei Vasilevskiy without a rebound.
5:53 of 3rd period - Yanni Gourde wins face-off versus Anthony Cirelli in Tampa Bay Lightning zone.
6:22 of 3rd period - Wrist shot by Logan Couture.
6:22 of 3rd period - Deflect By Nick Bonino.
6:22 of 3rd period - Stopped by Andrei Vasilevskiy with a rebound.
6:24 of 3rd period - Wrist shot by Chris Tierney.
6:24 of 3rd period - Deflect By Nick Bonino.
6:24 of 3rd period - Stopped by Andrei Vasilevskiy with a rebound.
6:26 of 3rd period - Slapshot by Karl Alzner.
6:26 of 3rd period - Stopped by Andrei Vasilevskiy with a rebound.
7:00 of 3rd period - Snap shot by Tyler Johnson.
7:00 of 3rd period - Shot Blocked by Mike Reilly.
7:13 of 3rd period - Wrist shot by Vladislav Namestnikov.
7:13 of 3rd period - Shot Misses the Net.
7:21 of 3rd period - Backhand shot by Mikkel Boedker.
7:21 of 3rd period - Shot Misses the Net.
7:23 of 3rd period - Snap shot by Anthony Cirelli.
7:23 of 3rd period - Stopped by Andrei Vasilevskiy with a rebound.
7:25 of 3rd period - Wrist shot by Mikkel Boedker.
7:25 of 3rd period - Stopped by Andrei Vasilevskiy without a rebound.
7:26 of 3rd period - Patrice Bergeron wins face-off versus Logan Couture in Tampa Bay Lightning zone.
7:30 of 3rd period - Victor Hedman is hit by Brent Burns and loses puck.
7:33 of 3rd period - Snap shot by Victor Hedman.
7:33 of 3rd period - Shot Misses the Net.
8:14 of 3rd period - Wrist shot by Zack Smith.
8:14 of 3rd period - Stopped by Cam Talbot without a rebound.
8:15 of 3rd period - Patrice Bergeron wins face-off versus Anthony Cirelli in San Jose Sharks zone.
8:26 of 3rd period - Snap shot by Patrice Bergeron.
8:26 of 3rd period - Stopped by Cam Talbot with a rebound.
8:32 of 3rd period - Jonathan Drouin is hit by Mikkel Boedker.
8:42 of 3rd period - Wrist shot by Vladimir Tarasenko.
8:42 of 3rd period - Stopped by Cam Talbot without a rebound.
8:43 of 3rd period - Mathew Barzal wins face-off versus Logan Couture in San Jose Sharks zone.
9:01 of 3rd period - Vladimir Tarasenko is hit by Chris Tierney and loses puck.
9:17 of 3rd period - Chris Tierney is hit by Victor Hedman and loses puck.
9:44 of 3rd period - Michael Del Zotto is hit by Karl Alzner and loses puck.
10:04 of 3rd period - Icing by Alex Killorn.
10:05 of 3rd period - Christian Dvorak wins face-off versus Mathew Barzal in Tampa Bay Lightning zone.
10:06 of 3rd period - Snap shot by Clayton Keller.
10:06 of 3rd period - Stopped by Andrei Vasilevskiy without a rebound.
10:07 of 3rd period - Timo Meier wins face-off versus Patrice Bergeron in Tampa Bay Lightning zone.
10:20 of 3rd period - Timo Meier is hit by Marc-Edouard Vlasic and loses puck.
10:59 of 3rd period - Tommy Wingels is hit by Michael Del Zotto and loses puck.
12:44 of 3rd period - Slater Koekkoek is hit by Andre Burakovsky and loses puck.
13:52 of 3rd period - Minor Penalty to Radko Gudas for Tripping.
13:53 of 3rd period - Christian Dvorak wins face-off versus Tyler Johnson in Tampa Bay Lightning zone.
15:52 of 3rd period - Penalty to Radko Gudas is over, Radko Gudas is back on ice.
16:22 of 3rd period - Snap shot by Mathew Barzal.
16:22 of 3rd period - Stopped by Cam Talbot with a rebound.
16:24 of 3rd period - Snap shot by Mathew Barzal.
16:24 of 3rd period - Shot Blocked by Karl Alzner.
16:44 of 3rd period - Ian Cole is hit by Radko Gudas and loses puck.
17:19 of 3rd period - Ian Cole is hit by Vladislav Namestnikov and loses puck.
17:32 of 3rd period - Snap shot by Roman Polak.
17:32 of 3rd period - Shot Misses the Net.
Goals for this period are 0 for San Jose Sharks vs 0 for Tampa Bay Lightning.
Shots for this period are 9 for San Jose Sharks vs 4 for Tampa Bay Lightning.

Overtime #1


0:01 of 1st overtime period - Patrice Bergeron wins face-off versus Timo Meier in neutral zone.
0:04 of 1st overtime period - Snap shot by Vladimir Tarasenko.
0:04 of 1st overtime period - Stopped by Cam Talbot with a rebound.
0:08 of 1st overtime period - Wrist shot by Patrice Bergeron.
0:08 of 1st overtime period - Shot Misses the Net.
0:10 of 1st overtime period - Slapshot by Victor Hedman.
0:10 of 1st overtime period - Stopped by Cam Talbot without a rebound.
0:11 of 1st overtime period - Timo Meier wins face-off versus Patrice Bergeron in San Jose Sharks zone.
0:18 of 1st overtime period - Snap shot by Clayton Keller.
0:18 of 1st overtime period - Stopped by Andrei Vasilevskiy with a rebound.
1:03 of 1st overtime period - Marc-Edouard Vlasic is hit by Logan Couture.
1:18 of 1st overtime period - Icing by Mike Reilly.
1:19 of 1st overtime period - Logan Couture wins face-off versus Patrice Bergeron in San Jose Sharks zone.
1:28 of 1st overtime period - Snap shot by Clayton Keller.
1:28 of 1st overtime period - Stopped by Andrei Vasilevskiy without a rebound.
1:29 of 1st overtime period - Patrice Bergeron wins face-off versus Timo Meier in Tampa Bay Lightning zone.
1:38 of 1st overtime period - Slapshot by Patrice Bergeron.
1:38 of 1st overtime period - Goal by Patrice Bergeron - San Jose Sharks : 3 - Tampa Bay Lightning : 4.
Goals for this period are 0 for San Jose Sharks vs 1 for Tampa Bay Lightning.
Shots for this period are 2 for San Jose Sharks vs 3 for Tampa Bay Lightning.